AoeStats
← eloycorsob

Baltic

510830828Analyzed
4v4 RM · 15h ago on Oct 2, 2026· 71m 13s· 8 players
Game mode
Random Map
Map size
Large (8 player)
Population
200
Speed
Normal
Resources
Standard
Victory
Conquest
Starting age
Dark Age
Ending age
Imperial Age
RankedLock teamsTeams togetherTeam positionsShared explorationLock speedFull tech treeHidden civsTurbo modeCheats
Victory
Defeat
🇪🇸 Dravidians · Spain
780
+16
🇫🇷 Persians · France
737
+18
🇩🇰 Lithuanians · Denmark
716
+19
🇨🇿 Britons · Czechia
708
+19
🇩🇪 Franks · Germany
869
-21
🇩🇪 Sicilians · Germany
862
-21
🇦🇹 Britons · Austria
796
-19
🇪🇸 Chinese · Spain
609
-11
Lazy Red Panda
6:40 Loom
10:11 Feudal Age
12:11 Double-Bit Axe
19:03 Castle Age
18:04 Horse Collar
18:21 Stone Mining
24:41 Bow Saw
25:15 Heavy Plow
27:27 Kamandaran
27:39 Squires
28:13 Murder Holes
28:59 Devotion
29:23 Caravan
29:37 Pikeman
30:26 Scale Barding Armor
34:46 Imperial Age
39:52 Bloodlines
39:44 Husbandry
39:05 Cavalier
40:32 Chain Barding Armor
40:23 Forging
40:13 Scale Mail Armor
40:14 Padded Archer Armor
40:05 Fletching
40:49 Crop Rotation
40:13 Gold Mining
41:01 Stone Shaft Mining
40:59 Halberdier
43:02 Conscription
43:17 Ballistics
45:03 Plate Barding Armor
44:45 Chain Mail Armor
45:07 Iron Casting
44:29 Bodkin Arrow
44:50 Leather Archer Armor
45:44 Savar
47:23 Wheelbarrow
46:37 Town Watch
48:51 Plate Mail Armor
60:05 Blast Furnace
59:36 Ring Archer Armor
67:54 Hand Cart
67:40 Town Patrol
68:45 Chemistry
67:35 Heated Shot
67:36 Guard Tower
67:57 Masonry
68:15 Spies/Treason
Devil
0:27 Loom
13:32 Feudal Age
22:21 Castle Age
20:38 Horse Collar
20:48 Double-Bit Axe
22:33 Gold Mining
22:34 Stone Mining
25:08 Fervor
25:57 Caravan
27:08 Wheelbarrow
26:38 Heavy Plow
26:54 Bow Saw
27:23 Stone Shaft Mining
29:08 Hand Cart
33:43 Husbandry
33:54 Bloodlines
37:37 Imperial Age
36:05 Fortified Wall
35:36 Treadmill Crane
35:51 Murder Holes
36:08 Masonry
36:13 Forging
35:54 Fletching
36:09 Scale Barding Armor
38:15 Iron Casting
37:46 Bodkin Arrow
39:19 Two-Man Saw
39:11 Conscription
39:27 Hoardings
38:13 Elite Leitis
40:10 Chemistry
39:34 Chain Barding Armor
40:12 Crop Rotation
42:36 Plate Barding Armor
59:57 Spies/Treason
TurulloMix
3:51 Loom
14:42 Feudal Age
15:14 Double-Bit Axe
15:19 Fishing Lines
17:43 Wheelbarrow
20:27 Gold Mining
24:28 Castle Age
22:22 Man-at-Arms
22:48 Arson
23:04 Stone Mining
23:08 Fletching
23:19 Scale Mail Armor
23:29 Forging
24:36 Padded Archer Armor
25:10 Bodkin Arrow
25:34 Hand Cart
25:49 Bow Saw
25:58 Squires
25:43 Gambesons
25:19 Long Swordsman
26:45 Gillnets
29:01 Ballistics
30:15 Masonry
41:28 Imperial Age
39:34 Medium Warships
40:34 Iron Casting
40:14 Chain Mail Armor
39:43 Horse Collar
40:23 Chain Mail Armor
43:22 Two-Handed Swordsman
45:35 Caravan
46:09 Conscription
49:10 Chemistry
50:31 Bracer
51:12 Hoardings
52:59 Blast Furnace
52:30 Plate Mail Armor
52:17 Elite Skirmisher
56:22 Champion
60:46 Husbandry
61:06 Town Watch
63:37 Two-Man Saw
63:29 Bombard Tower
64:31 Spies/Treason
66:30 Elite Elephant Archer
67:17 Thumb Ring
Black AnGeL
9:36 Feudal Age
10:14 Double-Bit Axe
17:12 Castle Age
16:29 Stone Mining
16:44 Fletching
27:51 Crossbowman
30:06 Gold Mining
30:19 Padded Archer Armor
30:14 Bodkin Arrow
30:28 Loom
30:47 Town Watch
34:05 Imperial Age
31:47 Horse Collar
34:00 Leather Archer Armor
34:47 Gold Shaft Mining
35:37 Arbalester
37:15 Conscription
37:17 Bracer
38:37 Yeomen
38:58 Caravan
43:13 Ring Archer Armor
44:50 Ballistics
45:31 Chemistry
46:43 Man-at-Arms
47:08 Gambesons
47:24 Squires
47:27 Scale Mail Armor
47:38 Forging
49:41 Cavalier
50:22 Husbandry
49:51 Onager
53:11 Scale Barding Armor
53:42 Iron Casting
59:33 Spies/Treason
Haudinida
0:27 Loom
12:20 Feudal Age
12:46 Double-Bit Axe
12:42 Horse Collar
14:21 Wheelbarrow
17:12 Gold Mining
18:01 Town Watch
22:07 Castle Age
20:15 Stone Mining
22:17 Fletching
23:37 Forging
23:30 Scale Mail Armor
25:03 Hand Cart
26:23 Heavy Plow
26:55 Caravan
32:36 Imperial Age
32:01 Bodkin Arrow
32:44 Iron Casting
32:25 Chain Mail Armor
32:37 Bow Saw
32:34 Murder Holes
35:36 Hoardings
35:25 Conscription
37:05 First Crusade
36:24 Pikeman
37:50 Crop Rotation
37:40 Elite Serjeant
38:39 Squires
38:31 Arson
40:58 Plate Mail Armor
41:29 Blast Furnace
40:30 Padded Archer Armor
40:12 Elite Skirmisher
41:25 Bracer
41:41 Masonry
41:19 Arrowslits
43:47 Scale Barding Armor
44:44 Bloodlines
43:56 Light Cavalry
44:57 Leather Archer Armor
44:22 Halberdier
46:17 Chain Barding Armor
Scamander
10:33 Feudal Age
11:38 Double-Bit Axe
16:33 Scale Barding Armor
16:39 Forging
21:03 Castle Age
21:34 Wheelbarrow
22:53 Bow Saw
30:56 Pikeman
31:40 Husbandry
34:46 Imperial Age
32:35 Hand Cart
32:05 Town Watch
32:49 Squires
36:02 Chain Barding Armor
36:14 Halberdier
38:35 Plate Barding Armor
38:00 Padded Archer Armor
38:36 Iron Casting
38:20 Town Patrol
41:36 Scale Mail Armor
41:23 Arson
41:18 Cavalier
43:24 Caravan
44:09 Chivalry
45:20 Murder Holes
45:34 Siege Engineers
45:17 Arrowslits
45:44 Masonry
45:14 Treadmill Crane
46:36 Chemistry
45:56 Ballistics
47:30 Paladin
57:05 Conscription
Tiafa Teifl
0:28 Loom
10:44 Feudal Age
12:00 Wheelbarrow
11:16 Double-Bit Axe
15:15 Horse Collar
15:30 Fishing Lines
21:27 Forging
21:17 Scale Mail Armor
24:17 Castle Age
24:15 Fletching
24:25 Padded Archer Armor
24:22 Stone Mining
24:28 Gold Mining
26:06 Gold Shaft Mining
27:32 Hand Cart
27:43 Arson
27:59 Squires
28:38 Pikeman
32:27 Ballistics
34:02 Iron Casting
33:43 Chain Mail Armor
42:51 Bow Saw
42:40 Heated Shot
48:11 Bodkin Arrow
48:32 Leather Archer Armor
50:50 Imperial Age
52:06 Yeomen
51:07 Elite Longbowman
55:53 Halberdier
eloycorsob
0:52 Loom
13:53 Feudal Age
14:06 Feudal Age
16:36 Wheelbarrow
16:42 Wheelbarrow
15:53 Town Watch
15:57 Double-Bit Axe
17:39 Gold Mining
19:02 Horse Collar
22:11 Stone Mining
26:11 Castle Age
25:04 Padded Archer Armor
24:56 Fletching
32:55 Arson
33:12 Squires
34:38 Thumb Ring
33:53 Crossbowman
36:08 Pikeman
37:16 Heavy Plow
39:53 Bow Saw
41:31 Caravan
41:50 Leather Archer Armor
41:30 Bodkin Arrow
41:36 Scale Mail Armor
41:46 Forging
45:50 Hand Cart
49:12 Imperial Age
48:01 Bodkin Arrow
48:19 Forging
48:26 Chain Mail Armor
51:37 Heated Shot
55:49 Halberdier
55:51 Elite Fire Lancer
Connection lost

Rejoining the realm…

Still unreachable

The connection could not be restored.

Session expired

The server has moved on; the page needs a fresh start.